 Dungeon Crawl Stone Soup version 0.21-a0-404-g291f19a (webtiles) character file.

36 firefreeman the Skirmisher (level 3, 0/34 HPs)
             Began as a Minotaur Berserker on Oct 26, 2017.
             Was a Believer of Trog.
             Slain by a gnoll
             ... wielding a cursed -3 halberd
              (17 damage)
             ... on level 2 of the Dungeon.
             The game lasted 00:03:33 (697 turns).

firefreeman the Skirmisher (Minotaur Berserker)      Turns: 697, Time: 00:03:34

Health: 0/34       AC:  2    Str: 22    XL:     3   Next: 19%
Magic:  2/2        EV: 12    Int:  4    God:    Trog [**....]
Gold:   37         SH:  0    Dex:  9    Spells: 2/2 levels left

rFire    . . .     SeeInvis .   a - +0 mace
rCold    . . .     Gourm    .   (no shield)
rNeg     . . .     Faith    .   b - +0 animal skin
rPois    .         Spirit   .   (helmet restricted)
rElec    .         Reflect  .   (no cloak)
rCorr    .         Harm     .   (no gloves)
MR       .....                  (no boots)
Stlth    +.........             (no amulet)
HPRegen  0.11/turn              (no ring)
MPRegen  0.08/turn              (no ring)

@: no status effects
A: retaliatory headbutt, horns 2
a: Berserk, Trog's Hand, Burn Spellbooks, Renounce Religion


You were on level 2 of the Dungeon.
You worshipped Trog.
Trog was pleased with you.
You were not hungry.

You visited 1 branch of the dungeon, and saw 2 of its levels.

You collected 37 gold pieces.

Inventory:

Hand Weapons
 a - a +0 mace (weapon)
Missiles
 h - 4 poisoned needles
Armour
 b - a +0 animal skin (worn)
Jewellery
 g - a +3 ring of strength {unknown}
Scrolls
 e - a scroll of teleportation {unknown}
 i - a scroll of enchant armour {unknown}
 j - a scroll of immolation {unknown}
 k - a scroll of identify {unknown}
Potions
 f - a potion of might {unknown}
Comestibles
 c - a bread ration
 d - 2 meat rations


   Skills:
 + Level 4.4 Fighting
 + Level 4.2 Maces & Flails
 + Level 2.6 Armour
 + Level 2.4 Dodging


You had 2 spell levels left.
You didn't know any spells.

Dungeon Overview and Level Annotations

Branches:
Dungeon (2/15)

Altars:


Innate Abilities, Weirdness & Mutations

You reflexively headbutt those who attack you in melee.
You have a pair of horns on your head.


Message History

You headbutt the worm, but do no damage.
The worm is heavily wounded.
The gnoll hits you but does no damage.
You hit the worm.
The worm is severely wounded.
The worm bites you! The gnoll barely misses you.
You hit the worm.
The worm is severely wounded.
The worm bites you.
The gnoll hits you from afar with a halberd.
You are too injured to fight recklessly!
You are too injured to fight recklessly!
You are too injured to fight recklessly!
You are too injured to fight recklessly!
You are too injured to fight recklessly!
You hit the worm. Your headbutt misses the worm.
The worm is severely wounded.
The gnoll hits you from afar with a halberd!
Ouch! That really hurt!
You die...

########
#......#
#......#
#...<..#
#......#
#.gw@..#
#..##.).#
#.# ###.#
... ...
.g. ####
..


You could see a worm and a gnoll.

Vanquished Creatures
  A dart slug (D:1)
  2 leopard geckos (D:1)
  4 giant cockroaches (D:1)
  2 goblins (D:1)
  A hobgoblin (D:1)
  9 jackals (D:1)
  2 kobolds
  2 bats (D:1)
  A frilled lizard (D:1)
  3 rats (D:1)
27 creatures vanquished.

Notes
Turn   | Place    | Note
-------+----------+-------------------------------------------
     0 | D:1      | firefreeman the Minotaur Berserker began the quest for the Orb.
     0 | D:1      | Reached XP level 1. HP: 19/19 MP: 0/0
   107 | D:1      | Reached XP level 2. HP: 26/27 MP: 1/1
   320 | D:1      | Reached ** piety under Trog
   322 | D:1      | Reached XP level 3. HP: 32/34 MP: 2/2
   697 | D:2      | Slain by a gnoll

Vault maps used:
D:1:      onia_arrival_pentagram
D:2:      uniq_jessica

Skill      XL: |  1  2 |
---------------+-------+-----
Maces & Flails | 4 |  4.2
Fighting       | 4 |  4.4
Armour         | |  2.6
Dodging        | |  2.4

Action                   || total
-------------------------++-------
Melee: Mace              ||    47
       Headbutt          ||     8
Invok: Burn Spellbooks   ||     1
 Stab: Sleeping          ||     1
Armor: Animal skin       ||     9
Dodge: Dodged            ||    36

Table legend:
 A = Spawn XP
 B = Non-spawn XP
 C = Spawn XP percentage of total XP
 D = Spawn monster count
 E = Non-spawn monster count
 F = Spawn count percentage of total count
 G = Total turns spent on level
                    A         B        C        D         E        F      G
               +---------+---------+-------+---------+---------+-------+---------
         Total |       0 |      52 |   0.0 |       0 |      27 |   0.0 |   697
               +---------+---------+-------+---------+---------+-------+---------
           D:1 |       0 |      51 |   0.0 |       0 |      26 |   0.0 |   685
           D:2 |       0 |       1 |   0.0 |       0 |       1 |   0.0 |    12
               +---------+---------+-------+---------+---------+-------+---------
